AoeStats
← jmr99

Arabia

510712618Analyzed
1v1 RM · 1d ago on Oct 2, 2026· 33m 38s· 2 players
Game mode
Random Map
Map size
Tiny (2 player)
Population
200
Speed
Normal
Resources
Standard
Victory
Conquest
Starting age
Dark Age
Ending age
Imperial Age
RankedLock teamsTeams togetherTeam positionsShared explorationLock speedFull tech treeHidden civsTurbo modeCheats
Victory
Defeat
🇬🇧 Hindustanis · United Kingdom
909
+19
🇹🇷 Magyars · Türkiye
964
-19
jmr99
6:34 Loom
9:14 Feudal Age
9:49 Double-Bit Axe
18:14 Wheelbarrow
20:51 Castle Age
19:38 Scale Barding Armor
19:45 Bloodlines
20:51 Forging
21:21 Horse Collar
22:21 Husbandry
23:07 Bow Saw
25:10 Chain Barding Armor
26:14 Gold Mining
28:38 Fletching
29:16 Town Watch
29:49 Hand Cart
31:30 Elite Skirmisher
33:35 Iron Casting
Ramazancimbisn
6:48 Loom
9:32 Feudal Age
11:36 Double-Bit Axe
16:50 Horse Collar
22:49 Castle Age
22:11 Padded Archer Armor
22:01 Fletching
28:16 Bow Saw
28:06 Gold Mining
28:01 Pikeman
29:03 Bodkin Arrow
Connection lost

Rejoining the realm…

Still unreachable

The connection could not be restored.

Session expired

The server has moved on; the page needs a fresh start.